Map: Disco Bloodbath LE

Players

Kelazhur

  • Race: Terran Terran
  • Spawn Location: 3:00

SpeCial - Winner!

  • Race: Terran Terran
  • Spawn Location: 9:00

Event: NationWars 2019

VOD

Have the link to the VOD?

Description

Time

  • Played on: Nov. 14, 2019, 1:13 p.m.
  • Length: 9:21

All games in this series

Show
View Real Time Build Order
Export as new Build Order

Kelazhur Terran 

Build Orders: Gas First Reaper Expand 

Get SALT Encoding   

  12  0:00  SCV  
  13  0:13  SCV  
  14  0:17  Supply Depot  
  14  0:25  SCV  
  15  0:30  Refinery  
  15  0:38  SCV  
  16  0:44  Barracks  
  16  0:50  SCV  
  17  1:03  SCV  
  18  1:15  SCV  
  19  1:31  Orbital Command, Reaper  
  20  1:44  Command Center  
  20  1:56  Factory  
  20  2:05  SCV  
  20  2:08  Marine  
  20  2:12  Supply Depot  
  21  2:18  SCV  
  21  2:19  Refinery  
  22  2:26  Marine  
  23  2:33  SCV  
  23  2:36  Bunker  
  24  2:43  Hellion  
  26  2:45  Barracks Reactor, SCV  
  27  2:56  Orbital Command  
  27  2:58  SCV  
  28  3:10  Hellion  
  28  3:14  Starport  
  28  3:15  SCV  
  29  3:23  SCV  
  29  3:25  Marine x2  
  32  3:27  SCV  
  33  3:36  SCV  
  32  3:42  Factory Tech Lab, SCV  
  32  3:43  Marine x2  
  35  3:49  SCV  
  35  3:52  Starport Reactor  
  35  3:54  SCV  
  37  4:01  SCV, Siege Tank  
  41  4:04  Supply Depot  
  41  4:06  SCV  
  42  4:11  Marine x2  
  42  4:13  SCV  
  42  4:24  SCV  
  42  4:25  SCV  
  42  4:29  Viking x2, Marine x2  
  50  4:32  Supply Depot  
  50  4:35  Siege Tank  
  50  4:36  SCV  
  54  4:41  Supply Depot  
  54  4:55  SCV x2, Marine  
  54  4:59  Viking x2  
  61  5:02  Marine  
  62  5:07  SCV  
  62  5:08  SCV, Supply Depot  
  62  5:13  Siege Tank  
  67  5:14  Marine  
  67  5:17  Supply Depot  
  67  5:19  Marine  
  69  5:21  Command Center  
  69  5:22  SCV  
  70  5:30  SCV  
  70  5:31  Supply Depot  
  70  5:35  Marine  
  71  5:38  SCV  
  71  5:42  Viking x2  
  77  5:48  Barracks x2, SCV  
  78  5:56  SCV  
  79  6:00  Siege Tank  
  79  6:03  Refinery  
  79  6:04  SCV, Refinery  
  83  6:06  Supply Depot  
  83  6:08  SCV  
  84  6:13  Viking  
  84  6:17  SCV  
  87  6:20  SCV  
  87  6:25  Marine x2  
  87  6:29  SCV  
  84  6:34  Siege Tank  
  70  6:43  Marine  
  67  7:01  Orbital Command  
  67  7:04  Viking  
  64  7:12  SCV  
  64  7:24  SCV  
  52  7:39  SCV  
  52  7:42  Viking  
  52  7:43  Marine x2  
  49  7:44  Orbital Command  
  49  7:45  SCV  
  49  7:50  Barracks x2  
  49  7:51  SCV  
  49  7:54  Bunker  
  49  7:57  SCV  
  49  8:01  Marine  
  49  8:03  SCV, Marine  
  52  8:09  SCV  
  52  8:11  SCV  
  54  8:15  SCV  
  54  8:16  Siege Tank  
  54  8:18  Marine  
  59  8:21  SCV  
  59  8:23  SCV  
  59  8:25  Marine  
  62  8:27  SCV  
  62  8:33  Barracks  
  62  8:34  Barracks, SCV  
  64  8:35  SCV  
  64  8:39  SCV  
  64  8:40  Engineering Bay  
  66  8:44  Engineering Bay, Marine x2  
  66  8:46  SCV, Barracks Tech Lab x2  
  66  8:47  SCV  
  70  8:51  SCV  
  74  8:58  SCV  
  74  9:00  SCV  
  75  9:03  SCV  
Show
View Real Time Build Order
Export as new Build Order

SpeCial Terran - Winner!

Build Orders:  

Get SALT Encoding   

  12  0:00  SCV  
  13  0:13  SCV  
  14  0:16  Supply Depot  
  14  0:25  SCV  
  15  0:38  SCV  
  15  0:39  Barracks  
  15  0:42  Refinery  
  16  0:50  SCV  
  17  0:59  Barracks  
  17  1:02  SCV  
  18  1:14  SCV  
  19  1:26  Reaper  
  19  1:27  Orbital Command  
  20  1:43  Supply Depot  
  20  1:47  Reaper  
  21  1:54  SCV  
  22  2:04  Reaper  
  22  2:06  SCV  
  24  2:11  Command Center  
  24  2:16  Refinery  
  24  2:18  SCV  
  24  2:21  Marine  
  26  2:30  SCV  
  27  2:37  Marine  
  27  2:39  Factory  
  27  2:42  SCV  
  29  2:47  Supply Depot  
  29  2:54  SCV  
  29  2:55  Barracks Reactor  
  30  3:06  SCV  
  31  3:18  SCV  
  32  3:24  Factory Tech Lab, Starport  
  32  3:27  Orbital Command  
  32  3:30  SCV, Barracks Tech Lab  
  33  3:38  Marine  
  34  3:41  Marine  
  34  3:43  SCV  
  36  3:50  Marine, Refinery  
  36  3:52  Stimpack  
  36  3:55  SCV  
  38  3:56  SCV, Marine  
  38  3:57  Factory Reactor  
  38  4:00  Supply Depot  
  40  4:06  Marine  
  40  4:07  SCV  
  40  4:08  SCV, Marine  
  44  4:14  Marine  
  44  4:19  SCV  
  44  4:20  SCV  
  44  4:22  Raven  
  47  4:24  Marine  
  47  4:26  Marine  
  47  4:31  Engineering Bay, SCV, Marine  
  49  4:32  Bunker, SCV  
  49  4:34  Supply Depot  
  51  4:42  Marine  
  51  4:43  SCV  
  51  4:44  SCV, Marine  
  55  4:49  Marine  
  56  4:55  SCV  
  56  4:56  SCV  
  56  4:57  Supply Depot  
  56  4:58  Terran Infantry Weapons Level 1  
  56  4:59  Marine  
  58  5:04  Marine  
  58  5:05  Supply Depot  
  60  5:07  SCV, Marine  
  60  5:08  SCV  
  63  5:14  Siege Tank  
  63  5:15  Medivac  
  63  5:16  Medivac  
  63  5:19  SCV  
  71  5:21  SCV  
  71  5:27  Command Center  
  72  5:30  Marine x2  
  72  5:31  Marine  
  75  5:35  Supply Depot  
  75  5:36  Refinery  
  75  5:37  Combat Shield  
  75  5:42  SCV  
  76  5:49  Siege Tank  
  78  5:50  Marine  
  78  5:55  Barracks  
  78  5:56  Marine x2  
  80  6:08  Marine  
  80  6:09  Medivac  
  83  6:14  Marine x2  
  83  6:15  SCV x2  
  84  6:21  Siege Tank  
  87  6:26  Marine  
  87  6:32  Marine x2  
  79  6:44  Marine  
  79  6:45  Orbital Command  
  73  6:48  Marine x2  
  73  6:49  Starport Reactor, Marine  
  73  6:50  Marine  
  73  6:54  Siege Tank  
  78  6:59  SCV  
  77  7:02  Marine  
  77  7:04  Orbital Command  
  77  7:06  Marine x2  
  77  7:07  Marine x2  
  77  7:14  SCV  
  78  7:19  Marine  
  78  7:24  Marine x2  
  78  7:25  Marine x2  
  78  7:26  SCV  
  79  7:35  SCV  
  80  7:37  Marine  
  80  7:38  SCV  
  80  7:42  Marine x2  
  80  7:43  Marine  
  85  7:45  Orbital Command  
  85  7:47  SCV  
  85  7:48  Marine  
  85  7:50  SCV  
  88  7:55  Marine  
  88  7:59  SCV, Marine x2  
  88  8:01  Marine  
  88  8:02  SCV  
  92  8:06  Marine  
  91  8:13  SCV, Marine  
  91  8:17  Marine x2  
  91  8:19  SCV  
  94  8:21  SCV, Refinery x2  
  94  8:23  Marine  
  94  8:24  Marine  
  94  8:25  SCV  
  98  8:31  SCV, Marine  
  98  8:33  SCV, Supply Depot  
  101  8:38  Supply Depot  
  101  8:39  Marine x2  
  101  8:40  SCV, Medivac  
  106  8:41  Marine  
  106  8:43  SCV  
  106  8:45  SCV  
  109  8:54  Marine x2  
  109  8:55  SCV x2  
  114  8:57  SCV, Marine  
  114  8:59  Marine  
  118  9:07  SCV x2  
Tags
 
Add a new tag
Caveats
  • Supply blocks, unpowered buildings, or Contaminate may cause inaccurate times.
  • Supply counts are checked every 10 seconds.